 Dungeon Crawl Stone Soup version 0.28.0 (console) character file.

Game seed: 9087515385284690923

480 Cab the Chopper (level 6, -7/47 HPs)
             Began as a Demonspawn Fighter on Feb 12, 2022.
             Mangled by a centaur (10 damage)
             ... on level 4 of the Dungeon.
             The game lasted 00:09:41 (2615 turns).

Cab the Chopper (Demonspawn Fighter)                Turns: 2615, Time: 00:09:41

Health: -7/47      AC:  8    Str: 18    XL:     6   Next: 86%
Magic:  6/6        EV:  9    Int: 10    God:
Gold:   109        SH:  8    Dex: 12    Spells: 5/5 levels left

rFire   . . .      SeeInvis .   a - +1 war axe
rCold   . . .      Faith    .   c - +0 buckler
rNeg    . . .      Spirit   .   b - +0 scale mail
rPois   .          Reflect  .   (helmet restricted)
rElec   .          Harm     .   m - +0 cloak
rCorr   .          Rampage  .   (no gloves)
Will    .....                   (no boots)
Stlth   ..........              (no amulet)
HPRegen 2.15/turn               (no ring)
MPRegen 0.10/turn               (no ring)

@: no status effects
A: horns 1, powered by death 1, sharp scales 1, condensation shield
a: no special abilities


You were on level 4 of the Dungeon.
You visited 1 branch of the dungeon, and saw 5 of its levels.

You collected 199 gold pieces.
You spent 90 gold pieces at shops.

Inventory:

Hand Weapons
 a - a +1 war axe (weapon)
 o - a +1 hand axe of flaming
Armour
 b - a +0 scale mail (worn)
 c - a +0 buckler (worn)
 m - a +0 cloak (worn)
Scrolls
 e - a scroll of enchant armour {unknown}
 g - a scroll of teleportation {unknown}
 h - a scroll of magic mapping {unknown}
 k - a scroll of summoning {unknown}
 n - a scroll of identify {unknown}
 p - a scroll of enchant weapon
 r - a scroll of fog {unknown}
 s - a scroll of fear {unknown}
Potions
 d - 2 potions of might
 i - a potion of ambrosia {unknown}
 j - a potion of degeneration {unknown}
 l - a potion of cancellation {unknown}
 q - a potion of magic {unknown}


   Skills:
 - Level 3.0 Fighting
 + Level 6.8 Axes
 - Level 2.6 Armour
 - Level 2.6 Shields


You had 5 spell levels left.
You didn't know any spells.
Your spell library contained the following spells:

 Spells                   Type           Power      Damage    Failure   Level
 Portal Projectile        Hex/Tloc       0%         N/A       99%         3
 Blade Hands              Tmut           0%         N/A       100%        5
 Excruciating Wounds      Necr           0%         N/A       100%        5


Dungeon Overview and Level Annotations

Branches:
Dungeon (5/15)
 Temple: D:4-7

Altars:
Trog

Shops:
D:2 !

Annotations:
D:5 Grinder


Innate Abilities, Weirdness & Mutations

You have a pair of small horns on your head.
You regenerate a little health from kills.
You are partially covered in razor-sharp scales. (AC +1, Slay +1)
A meltable shield of frost defends you. (SH +4)


Message History

The centaur barely misses you. x2
You hit the centaur.
You kill the centaur!
You barely miss the ball python. You closely miss the orc.
The centaur unwields the +6 quarterstaff of Hubris {drain, rPois}.
The centaur wields a +0 shortbow.
The centaur shoots an arrow.
The arrow hits you but does no damage. The ball python completely misses you.
The ball python constricts you. The orc hits you but does no damage.
You slash the orc!
You kill the orc!
You hit the ball python.
You kill the ball python!
The centaur shoots an arrow.
The arrow hits you!
The centaur shoots an arrow.
The arrow hits you!
The centaur shoots an arrow.
The arrow hits you.
* * * LOW HITPOINT WARNING * * *
You feel much better.
The centaur shoots an arrow.
The arrow hits you!
The centaur shoots an arrow.
The arrow hits you.
An orc comes into view. It is wielding a +0 flail.
You block the goblin's attack.
The centaur shoots an arrow.
The arrow hits you.
* * * LOW HITPOINT WARNING * * *
The orc wizard barely misses you.
The centaur shoots an arrow.
The arrow closely misses you.
The orc shouts!
You hit the goblin but do no damage. Your headbutt misses the goblin.
You miss the orc wizard. The goblin hits you with a +0 dagger.
* * * LOW HITPOINT WARNING * * *
The orc wizard hits you with a +0 dagger of pain.
* * * LOW HITPOINT WARNING * * *
You writhe in agony.
* * * LOW HITPOINT WARNING * * *
Okay, then.
You slash the centaur! You headbutt the centaur.
The centaur is severely wounded.
You hit the centaur. You completely miss the orc wizard. You hit the goblin.
You kill the goblin!
The centaur unwields a +0 shortbow.
The centaur wields the +6 quarterstaff of Hubris {drain, rPois}.
You sense an unholy aura.
The centaur hits you with the +6 quarterstaff of Hubris {drain, rPois}!
You die...

∙∙ ∙▒
▒▒▒∙▒▒▒
▒∙∙∙∙∙▒
▒∙∙∙∙∙▒
▒∙∙∙∙∙▒
∙∙∙
▒▒▒∙∙)∙∙▒
∙∙∙∙▒
▒▒∙∙c@∙∙∙▒


∙∙∙∙∙ ▒∙∙▒c)o∙∙▒▒ ∙∙∙∙∙ ▒∙∙∙∙"∙o∙∙▒ ▒∙▒∙▒▒∙▒▒∙∙∙∙∙∙∙▒ ▒∙∙∙∙▒∙▒▒∙∙∙▒▒∙∙▒
▒∙▒∙∙∙▒▒∙∙∙▒ ∙o∙∙ ▒▒∙∙∙∙g▒▒▒∙∙∙∙ ∙∙∙ ▒∙∙∙S∙▒▒ ∙∙▒▒∙▒ ∙∙ ∙∙ ▒∙∙▒▒∙c▒▒ ▒▒ ∙∙▒ You
could see 2 centaurs, an orc wizard and 2 orcs.

Vanquished Creatures
  Sigmund (D:3)
  A centaur (D:4)
  A howler monkey (D:4)
  A jelly (D:4)
  Terence (D:2)
  A hound skeleton (D:4)
  Robin (D:2)
  3 adders
  A worm (D:3)
  3 dart slugs
  8 orcs
  7 endoplasms
  3 giant cockroaches
  18 goblins
  6 hobgoblins
  9 jackals
  2 quokkas
  6 ball pythons
  2 bats
  9 kobolds
  5 rats
89 creatures vanquished.

Notes
Turn   | Place    | Note
-------+----------+-------------------------------------------
     0 | D:1      | Cab the Demonspawn Fighter began the quest for the Orb.
     0 | D:1      | Reached XP level 1. HP: 18/18 MP: 1/1
    19 | D:1      | Reached skill level 2 in Axes
   163 | D:1      | Gained mutation: You are partially covered in razor-sharp
                  | scales. (AC +1, Slay +1) [demonic ancestry]
   163 | D:1      | Reached XP level 2. HP: 22/24 MP: 2/2
   498 | D:1      | Reached skill level 3 in Axes
   701 | D:1      | Reached XP level 3. HP: 29/29 MP: 3/3
   953 | D:1      | Found a faded altar of an unknown god.
  1066 | D:2      | Noticed Terence
  1074 | D:2      | Killed Terence
  1254 | D:2      | Gained mutation: You regenerate a little health from kills.
                  | [demonic ancestry]
  1254 | D:2      | Reached XP level 4. HP: 35/35 MP: 4/4
  1265 | D:2      | Reached skill level 4 in Axes
  1292 | D:2      | Noticed Robin
  1309 | D:2      | Killed Robin
  1430 | D:2      | Found Vollilui's Distillery.
  1699 | D:2      | Bought a potion of heal wounds for 50 gold pieces
  1699 | D:2      | Bought a potion of might for 40 gold pieces
  1837 | D:2      | Gained mutation: A meltable shield of frost defends you.
                  | (SH +4) [demonic ancestry]
  1837 | D:2      | Reached XP level 5. HP: 35/41 MP: 5/5
  2233 | D:3      | Noticed Sigmund
  2250 | D:3      | Killed Sigmund
  2251 | D:3      | Reached skill level 5 in Axes
  2251 | D:3      | Gained mutation: You have a pair of small horns on your
                  | head. [demonic ancestry]
  2251 | D:3      | Reached XP level 6. HP: 13/47 MP: 6/6
  2497 | D:3      | Found a bloodstained altar of Trog.
  2503 | D:3      | Reached skill level 6 in Axes
  2545 | D:3      | You fall into a shaft and drop 2 floors!
  2545 | D:5      | Entered Level 5 of the Dungeon
  2549 | D:5      | Noticed Grinder
  2551 | D:5      | Paralysed by Grinder for 5 turns
  2594 | D:4      | Identified the +6 quarterstaff of Hubris {drain, rPois}
  2614 | D:4      | HP: 1/47 [orc wizard (2)]
  2615 | D:4      | Mangled by a centaur

Illustrated notes

Levels and vault maps discovered:
D:1:      minmay_arrival_stair_chambers, layout_basic,
          shapermc_ecumenical_altar_pompeii
D:2:      layout_loops_ring, serial_shops, nicolae_shop_waterfront,
          wad_orctagon, uniq_robin, uniq_terence
D:3:      layout_basic, bloody_trog, uniq_jessica, uniq_sigmund
D:4:      layout_rooms, minmay_manual_mares
D:5:      layout_rooms, nicolae_overflow_crystal_walls, dancing_weapons_uskayaw,
          nicolae_hepliaklqana_ecumenical_no_more, lightli_corner_chamber,
          uniq_eustachio, uniq_grinder, uniq_duvessa

Skill      XL: |  1  2  3  4  5  6 |
---------------+-------------------+-----
Axes           | 2 3 4 5 6 |  6.8
Fighting       | |  3.0
Armour         | |  2.6
Shields        | |  2.6

Action                   |  1- 3 |  4- 6 || total
-------------------------+-------+-------++-------
Melee: War axe           |    82 |    47 ||   129
       Hand axe          |       |    62 ||    62
       Headbutt          |       |     5 ||     5
  Use: Potion            |       |     4 ||     4
       Scroll            |       |     1 ||     1
Armor: Scale mail        |    26 |    58 ||    84
Dodge: Dodged            |    32 |    50 ||    82
Block: Buckler           |    18 |    32 ||    50
